 Dungeon Crawl Stone Soup version 0.26-a0-1035-g76280ab330 (webtiles) character file.

Game seed: 4841454889813643801

55438 Dracia the Spear-Bearer (level 14, -5/110 HPs)
             Began as a Merfolk Delver on Dec 10, 2020.
             Was a High Priest of Okawaru.
             Slain by a Hell Sentinel (7 damage)
             ... summoned by an ancient lich
             ... on level 1 of the Abyss.
             The game lasted 00:35:36 (21248 turns).

Dracia the Spear-Bearer (Merfolk Delver)           Turns: 21248, Time: 00:35:36

Health: -5/110     AC: 12    Str: 20 (22) XL:     14   Next: 77%
Magic:  21/21      EV: 25    Int: 12      God:    Okawaru [*****.]
Gold:   1852       SH:  0    Dex: 26      Spells: 6/13 levels left

rFire    . . .     SeeInvis .   k - +10 spear of Paper {freeze, +Fly rPois Str+6}
rCold    . . .     Faith    .   (no shield)
rNeg     . . .     Spirit   .   v - +2 swamp dragon scales
rPois    +         Reflect  .   (helmet restricted)
rElec    .         Harm     .   q - +0 cloak
rCorr    +         Rampage  .   H - +1 pair of gloves {Dex+3}
Will     +....                  (boots currently unavailable)
Stlth    ++++......             g - amulet of regeneration
HPRegen  0.68/turn              R - ring of resist corrosion
MPRegen  0.17/turn              u - ring of Osaorhal {Dex+7 Stlth-}

@: very quick
A: change form in water, swift swim, stealthy swim, horns 1, [deterioration 2],
strong 1, evolution 2
a: Heroism, Finesse, Renounce Religion, Evoke Flight


You were on level 1 of the Abyss.
You worshipped Okawaru.
Okawaru was extremely pleased with you.
You visited 5 branches of the dungeon, and saw 19 of its levels.
You visited the Abyss 1 time.
You also visited: Bailey and Volcano.

You collected 1852 gold pieces.


Innate Abilities, Weirdness & Mutations

You revert to your normal form in water.
You are very nimble and swift while swimming.
You are very stealthy in the water. (Stealth+)
You have a pair of small horns on your head.
Your muscles are strong. (Str +2)
You rapidly evolve.
[Your body often deteriorates upon taking damage.]


   Skills:
 - Level 10.0 Fighting
 - Level 14.0 Polearms
 - Level 10.0 Dodging
 - Level 10.0 Stealth
 - Level 5.4 Summonings
 + Level 8.0 Translocations
 - Level 8.1 Air Magic
 - Level 10.0 Invocations
 - Level 10.0 Evocations


You had 6 spell levels left.
You knew the following spells:

 Your Spells              Type           Power        Failure   Level
i - Swiftness             Air            ###.....     3%          2
m - Mephitic Cloud        Conj/Pois/Air  #.......     50%         3
I - Blink                 Tloc           N/A          3%          2

Your spell library contained the following spells:

 Spells                   Type           Power        Failure   Level
 Apportation              Tloc           ###...       2%          1
 Summon Small Mammal      Summ           ##..         6%          1
 Call Imp                 Summ           ##......     10%         2
 Shock                    Conj/Air       #...         11%         1
 Corpse Rot               Necr/Air       N/A          17%         2
 Call Canine Familiar     Summ           ##......     19%         3
 Airstrike                Air            ###.......   21%         4
 Static Discharge         Conj/Air       #.......     32%         3
 Summon Lightning Spire   Summ/Air       ###.....     34%         4
 Animate Skeleton         Necr           #.....       50%         1
 Corona                   Hex            #......      50%         1
 Magic Dart               Conj           #...         50%         1
 Summon Guardian Golem    Hex/Summ       #.......     50%         3
 Ensorcelled Hibernation  Hex/Ice        #.....       65%         2
 Searing Ray              Conj           #.....       65%         2
 Slow                     Hex            #.......     65%         2
 Summon Forest            Summ/Tloc      ###.......   71%         5
 Iskenderun's Mystic Bla  Conj/Tloc      #.......     73%         4
 Conjure Flame            Conj/Fire      #.......     86%         3
 Dazzling Flash           Conj/Hex       #.....       86%         3
 Stone Arrow              Conj/Erth      #.....       86%         3
 Summon Ice Beast         Ice/Summ       #.......     88%         4
 Lightning Bolt           Conj/Air       #.........   97%         5
 Silence                  Hex/Air        #.........   97%         5
 Fulminant Prism          Conj/Hex       #.........   99%         4
 Borgnjor's Vile Clutch   Necr/Erth      #.........   100%        5
 Conjure Ball Lightning   Conj/Air       #.........   100%        6
 Eringya's Noxious Bog    Tmut/Pois      #.........   100%        6
 Hydra Form               Tmut           #.........   100%        6
 Shadow Creatures         Summ           N/A          100%        6
 Summon Hydra             Summ           ##........   100%        7
 Tornado                  Air            ###.......   100%        9

Inventory:

Hand Weapons
 k - the +10 spear of Paper (weapon) {freeze, +Fly rPois Str+6}
   (You found it on level 5 of the Dungeon)

   It has been specially enchanted to freeze those struck by it, causing extra
   injury to most foes and up to half again as much damage against particularly
   susceptible opponents.
   It can also slow down cold-blooded creatures.
   It affects your strength (+6).
   It protects you from poison.
   It lets you fly.
Missiles
 b - 3 throwing nets {=f=f}
 j - 46 poisoned darts (quivered)
Armour
 a - the +2 buckler of Lust {-Tele rF++}
   (You found it on level 6 of the Dungeon)

   It greatly protects you from fire.
   It prevents most forms of teleportation.
 q - a +0 cloak (worn)
 v - +2 swamp dragon scales (worn)
 H - a +1 pair of gloves of dexterity (worn)
Magical Staves
 y - a cursed staff of cold {!a!a, unknown}
 E - an uncursed staff of earth {!a!a, unknown}
Jewellery
 g - an amulet of regeneration (around neck)
 u - the ring of Osaorhal (right hand) {Dex+7 Stlth-}
   (You found it on level 1 of the Lair of Beasts)

   [ring of attention]

   It affects your dexterity (+7).
   It makes you less stealthy.
 A - an uncursed amulet of the acrobat
 C - an uncursed ring of protection from cold
 L - an uncursed ring of flight
 P - an uncursed ring of poison resistance
 R - a ring of resist corrosion (left hand)
Wands
 p - a wand of random effects (25)
 x - a wand of iceblast (29)
 B - a wand of polymorph (3)
 F - a wand of digging (6)
 M - a wand of disintegration (15)
Scrolls
 c - 4 scrolls of fog
 d - 2 scrolls of magic mapping
 e - 12 scrolls of identify {@r1@r1}
 i - 9 scrolls of teleportation {@r4@r4}
 l - 12 scrolls of remove curse {@r2@r2}
 n - a scroll of enchant armour
 r - 4 scrolls of amnesia
 z - 2 scrolls of fear
 D - 4 scrolls of enchant weapon
Potions
 f - a potion of might
 m - 3 potions of heal wounds {@q2@q2}
 o - 5 potions of curing {@q1@q1}
 s - 2 potions of magic
 t - a potion of haste {@q3@q3}
 w - 5 potions of brilliance
 K - 2 potions of resistance
Miscellaneous
 G - a phial of floods

Dungeon Overview and Level Annotations

Branches:
Dungeon (9/15)             Temple (1/1) D:5            Lair (6/6) D:8
  Swamp (0/4) Lair:3       Spider (0/4) Lair:3        Slime (1/5) Lair:5
    Orc (2/2) D:9          Bailey (visited)         Volcano (visited)
    Elf: Orc:2

Altars:
Ashenzari
Cheibriados
Dithmenos
Elyvilon
Fedhas
Gozag
Hepliaklqana
Kikubaaqudgha
Makhleb
Nemelex Xobeh
Okawaru
Qazlal
Ru
Sif Muna
Trog
Uskayaw
Vehumet
Wu Jian
Xom
Yredelemnul
Zin
The Shining One
Beogh
Jiyva

Shops:
D:6 =

Annotations:
D:2 1 runed translucent door, Crazy Yiuf
Lair:3 3 runed translucent doors, Nebesus's ghost, journeyman GrFi
Orc:1 Sonja
Orc:2 Maurice

##.## #.. ## ..≈≈ .#
.##.≈≈≈ ###....#.≈≈♣≈
#...#...♣≈≈≈≈
#....#≈≈≈≈≈≈≈
###..#≈≈≈≈♣≈≈≈ ##
#....≈≈≈≈≈≈≈≈≈ ##
##.#... #○○@L≈≈≈≈≈≈ #
.# # ...###≈≈≈1≈≈≈≈≈≈≈
..# .#.#...≈≈≈1≈≈≈≈≈≈≈≈
.. . #.#..≈≈≈≈≈≈♣≈≈≈≈≈≈
#.. ..#≈≈≈≈♣≈≈≈≈≈≈≈≈≈
..# . ♣≈≈≈≈≈≈≈≈≈≈≈≈≈≈
#..#.)≈≈≈≈≈≈≈≈≈≈≈≈≈≈≈≈≈
#... ≈ ≈≈≈≈≈≈≈≈≈≈≈≈≈≈≈≈
.. ≈ ≈≈≈≈≈ ≈≈≈


You could see a Hell Sentinel (summoned), an ancient lich and an Executioner
(summoned).


Message History

You puncture the neqoxec! You freeze the neqoxec.
The neqoxec is moderately wounded.
You puncture the neqoxec! You freeze the neqoxec. You headbutt the neqoxec.
The neqoxec is almost dead.
The neqoxec hits you but does no damage.
You puncture the neqoxec! You freeze the neqoxec.
You kill the neqoxec!
Okawaru accepts your kill.
Your legs become a tail as you enter the water.
You hit the Hell Sentinel but do no damage.
You tail-slap the Hell Sentinel.
The Hell Sentinel is lightly wounded.
You hit the ancient lich but do no damage.
The ancient lich gestures at you while chanting.
The bolt of cold hits you!!!
* * * LOW HITPOINT WARNING * * *
The Hell Sentinel barely misses you. x2
You are too injured to fight recklessly!
You are too injured to fight recklessly!
You completely miss the ancient lich.
You are engulfed in freezing vapours.
* * * LOW HITPOINT WARNING * * *
Unknown command.
You hit the ancient lich.
You headbutt the ancient lich, but do no damage.
The ancient lich is lightly damaged.
You are engulfed in freezing vapours.
* * * LOW HITPOINT WARNING * * *
The ancient lich mumbles some strange words.
The Hell Sentinel hits you!
You die...

Skill      XL: |  1  2  3  4  5  6  7  8  9 10 11 12 13 14 |
---------------+-------------------------------------------+-----
Polearms       | 5 6 7 8 10 12 14 | 14.0
Invocations    | 5 10 | 10.0
Evocations     | 1 9 10 | 10.0
Dodging        | 10 | 10.0
Fighting       | 6 10 | 10.0
Stealth        | 10 | 10.0
Summonings     | 2 5 |  5.4
Air Magic      | 7 8 |  8.1
Translocations | 8 |  8.0

Action                   |  1- 3 |  4- 6 |  7- 9 | 10-12 | 13-15 || total
-------------------------+-------+-------+-------+-------+-------++-------
Melee: Spear             |    58 |   130 |   190 |   746 |   930 ||  2054
       Trident           |       |   165 |    29 |       |       ||   194
       Headbutt          |       |     2 |    34 |   163 |   298 ||   497
       Punch             |       |       |       |     8 |     4 ||    12
       Tailslap          |       |       |       |    10 |     4 ||    14
Invok: Heroism           |       |       |     1 |     8 |     6 ||    15
       Finesse           |       |       |       |       |     7 ||     7
Evoke: Wand              |       |       |       |     2 |       ||     2
  Use: Potion            |     1 |     6 |       |     4 |     8 ||    19
       Scroll            |       |     8 |     1 |     7 |     6 ||    22
 Stab: Sleeping          |     9 |    23 |     4 |     4 |    21 ||    61
       Distracted        |       |     2 |     1 |     1 |     4 ||     8
       Petrified         |       |       |       |       |     8 ||     8
       Held in net/web   |       |       |       |       |     3 ||     3
Armor: Leather armour    |     5 |    27 |    12 |       |       ||    44
       Skin              |       |    38 |       |       |       ||    38
       Swamp dragon scal |       |       |    10 |   103 |   116 ||   229
Dodge: Dodged            |    35 |   102 |    41 |   294 |   439 ||   911

Levels and vault maps discovered:
D:1:      dpeg_arrival_pond, layout_rooms, serial_forest,
          infiniplex_forest_straight_3, infiniplex_forest_lined_3,
          infiniplex_forest_end_double, infiniplex_forest_clump_tiny,
          infiniplex_forest_end_1
D:2:      layout_rooms, old_standard_altar, uniq_crazy_yiuf_cottage
D:3:      layout_basic, uniq_terence
D:4:      layout_loops_ring, riverfiend_overflow_shadow_ancestor
D:5:      layout_rooms, minmay_temple_entry_enclosed_plants, basic_altar,
          grunt_dithmenos_smoke_and_mirrors, uniq_edmund
D:6:      layout_rooms, serial_shops, shop, uniq_maggie, uniq_prince_ribbit1
D:7:      layout_layer_cave, overflow_temple_1_default, trog_butcher_becter
D:8:      layout_cave_pools, david_lair_generic, hangedman_decor_riveting,
          elyvilon_altar_4, uniq_erica
D:9:      layout_long_grid, gammafunk_temple_overflow_pools, david_orc_2,
          enter_bailey_8
Temple:   regret_index_temple_sphere_string
Lair:1:   layout_long_grid, infiniplex_staircase_pool
Lair:2:   layout_concentric_octagons
Lair:3:   layout_regular_city, minmay_swamp_entry_worms, spider_nest_entry_webs,
          gammafunk_ghost_icy
Lair:4:   layout_regular_city, basic_altar, serial_bayou_shore_b, uniq_snorg
Lair:5:   layout_hall_layers, minmay_slime_entry_jelly_boxes, minivault_11,
          grunt_forest_stairs_clearing, uniq_josephine
Lair:6:   grunt_lair_end_beastmaster, layout_loops_ring, enter_volcano_1
Slime:1:  layout_caves, basic_altar
Orc:1:    minmay_goldmine, layout_caves, library_closet, uniq_sonja, uniq_harold
Orc:2:    grunt_orc_community_town_hall, layout_caves,
          grunt_orc_community_big_house_2, grunt_orc_community_big_house_1,
          grunt_orc_community_house_3, grunt_orc_community_house_3,
          grunt_orc_community_house_1, grunt_orc_community_house_1,
          grunt_orc_community_house_2, lemuel_statue_altar, uniq_maurice
Abyss:1:  base:
Slime:1

Notes
Turn   | Place    | Note
-------+----------+-------------------------------------------
     0 | D:5      | Dracia the Merfolk Delver began the quest for the Orb.
     0 | D:5      | Reached XP level 1. HP: 18/18 MP: 1/1
    23 | D:5      | Found a hide-covered altar of Uskayaw.
    33 | D:5      | Noticed Edmund
    77 | D:4      | Reached skill level 5 in Polearms
    77 | D:4      | Reached XP level 2. HP: 9/24 MP: 2/2
    77 | D:4      | Reached XP level 3. HP: 11/29 MP: 3/3
   505 | D:3      | Reached skill level 6 in Polearms
   505 | D:3      | Reached XP level 4. HP: 5/35 MP: 4/4
  1042 | D:3      | Noticed Terence
  1144 | D:3      | Killed Terence
  1145 | D:3      | Reached skill level 7 in Polearms
  1757 | D:2      | Found a shimmering blue altar of Sif Muna.
  1766 | D:2      | Reached XP level 5. HP: 41/41 MP: 5/5
  1792 | D:2      | Learned a level 2 spell: Blink
  2124 | D:2      | Found a runed translucent door.
  2125 | D:2      | Noticed Crazy Yiuf
  2579 | D:1      | Reached skill level 8 in Polearms
  3027 | D:4      | Identified a potion of resistance
  3079 | D:4      | Reached XP level 6. HP: 46/47 MP: 6/6
  3165 | D:4      | Reached skill level 9 in Polearms
  3314 | D:4      | Noticed a shadow
  3315 | D:4      | Found a shadowy altar of Dithmenos.
  3316 | D:4      | Found a hazy altar of Hepliaklqana.
  3859 | D:4      | Gained mutation: You have a pair of small horns on your
                  | head. [potion of mutation]
  3859 | D:4      | Gained mutation: Your flesh is heat resistant. (rF+)
                  | [potion of mutation]
  3859 | D:4      | Gained mutation: You evolve. [potion of mutation]
  4099 | D:5      | Reached skill level 10 in Polearms
  4106 | D:5      | Noticed a necrophage
  4115 | D:5      | Killed a necrophage
  4116 | D:5      | Reached XP level 7. HP: 52/52 MP: 7/7
  4142 | D:5      | Reached skill level 11 in Polearms
  4356 | D:5      | Found a shadowy altar of Dithmenos.
  4386 | D:5      | Got a fine spear
  4387 | D:5      | Identified the +10 spear of Paper {freeze, +Fly rPois
                  | Str+6} (You found it on level 5 of the Dungeon)
  4454 | D:5      | Reached skill level 12 in Polearms
  4526 | D:5      | Reached XP level 8. HP: 56/58 MP: 8/8
  4540 | D:5      | Reached skill level 13 in Polearms
  4667 | D:5      | Found a staircase to the Ecumenical Temple.
  4822 | Temple   | Entered the Ecumenical Temple
  4923 | Temple   | Became a worshipper of Warmaster Okawaru
  5051 | D:5      | Killed Edmund
  5231 | D:6      | Found Viplun's Jewellery Shop.
  5253 | D:6      | Reached skill level 14 in Polearms
  5253 | D:6      | Reached skill level 1 in Invocations
  5421 | D:6      | Reached skill level 2 in Invocations
  5459 | D:6      | Reached * piety under Okawaru
  5460 | D:6      | Reached skill level 3 in Invocations
  5656 | D:6      | Noticed Prince Ribbit
  5664 | D:6      | Killed Prince Ribbit
  5665 | D:6      | Reached skill level 5 in Invocations
  5665 | D:6      | Reached XP level 9. HP: 64/64 MP: 10/12
  5756 | D:6      | Noticed Maggie
  5773 | D:6      | Killed Maggie
  5774 | D:6      | Reached skill level 6 in Invocations
  6283 | D:7      | Reached skill level 7 in Invocations
  6306 | D:7      | Reached ** piety under Okawaru
  6316 | D:7      | Reached skill level 8 in Invocations
  6483 | D:7      | Found a snail-covered altar of Cheibriados.
  6926 | D:7      | Noticed a hornet
  6938 | D:7      | Killed a hornet
  6939 | D:7      | Reached skill level 9 in Invocations
  7160 | D:7      | Found a bloodstained altar of Trog.
  7451 | D:8      | Found a staircase to the Lair.
  7451 | D:8      | Noticed an elephant
  7459 | D:8      | Reached skill level 10 in Invocations
  7459 | D:8      | Reached skill level 1 in Evocations
  7459 | D:8      | Reached XP level 10. HP: 70/70 MP: 17/17
  7475 | D:8      | Reached skill level 2 in Evocations
  7483 | D:8      | Killed an elephant
  7483 | D:8      | Reached *** piety under Okawaru
  7484 | D:8      | Reached skill level 4 in Evocations
  7639 | D:8      | Noticed Erica
  7651 | D:8      | Reached skill level 5 in Evocations
  7674 | D:8      | Killed Erica
  7675 | D:8      | Reached skill level 6 in Evocations
  7731 | D:8      | Reached **** piety under Okawaru
  7847 | D:8      | Noticed a two-headed ogre
  7859 | D:8      | Killed a two-headed ogre
  7860 | D:8      | Reached skill level 7 in Evocations
  7981 | D:8      | Found a white marble altar of Elyvilon.
  8151 | D:9      | Reached skill level 8 in Evocations
  8370 | D:9      | Found a flagged portal.
  8379 | Bailey   | Entered a bailey
  8526 | Bailey   | Gained mutation: Your muscles are strong. (Str +2)
                  | [evolution]
  8621 | Bailey   | Reached skill level 9 in Evocations
  8626 | Bailey   | Reached XP level 11. HP: 75/75 MP: 18/18
  9227 | Bailey   | Noticed an orc warlord
  9251 | Bailey   | HP: 4/75 [orc warlord/+2 bardiche (4)]
  9748 | D:9      | Reached skill level 10 in Evocations
  9818 | D:9      | Found a staircase to the Orcish Mines.
  9832 | D:9      | Reached skill level 3 in Dodging
 10079 | D:9      | Reached skill level 4 in Dodging
 10122 | D:9      | Reached skill level 5 in Dodging
 10433 | D:9      | Reached skill level 6 in Dodging
 10521 | D:9      | Found a blossoming altar of Fedhas.
 10522 | D:9      | Found an ornate altar of the Wu Jian Council.
 10638 | D:9      | Reached ***** piety under Okawaru
 10836 | Lair:1   | Entered Level 1 of the Lair of Beasts
 10857 | Lair:1   | Reached skill level 7 in Dodging
 11099 | Lair:1   | Noticed an eight-headed hydra
 11109 | Lair:1   | Killed an eight-headed hydra
 11110 | Lair:1   | Reached skill level 8 in Dodging
 11307 | Lair:1   | Reached skill level 9 in Dodging
 11367 | Lair:1   | Received a gift from Okawaru
 11368 | Lair:1   | Reached skill level 10 in Dodging
 11376 | Lair:1   | Reached skill level 4 in Fighting
 11394 | Lair:1   | Reached skill level 5 in Fighting
 11403 | Lair:1   | Received a gift from Okawaru
 11565 | Lair:1   | Got a clouded tin ring
 11591 | Lair:1   | Identified the ring of Osaorhal {Dex+7 Stlth-} (You found
                  | it on level 1 of the Lair of Beasts)
 11638 | Lair:1   | Reached skill level 6 in Fighting
 11638 | Lair:1   | Reached XP level 12. HP: 72/88 MP: 19/19
 11724 | Lair:1   | Learned a level 3 spell: Mephitic Cloud
 11729 | Lair:1   | Learned a level 4 spell: Summon Ice Beast
 11775 | Lair:1   | Reached skill level 7 in Fighting
 12262 | Lair:2   | Reached skill level 8 in Fighting
 12401 | Lair:2   | You fall into a shaft and drop 2 floors!
 12413 | Lair:4   | Found a broken altar of Ashenzari.
 12433 | Lair:4   | Reached skill level 9 in Fighting
 12571 | Lair:4   | Reached skill level 10 in Fighting
 12581 | Lair:4   | Reached skill level 6 in Stealth
 12609 | Lair:4   | Reached skill level 7 in Stealth
 12743 | Lair:4   | Reached skill level 8 in Stealth
 12823 | Lair:4   | Noticed Snorg
 12833 | Lair:4   | Killed Snorg
 12834 | Lair:4   | Reached skill level 9 in Stealth
 13140 | Lair:4   | Reached skill level 10 in Stealth
 13432 | Lair:4   | Reached skill level 1 in Summonings
 13448 | Lair:4   | Received a gift from Okawaru
 13449 | Lair:4   | Reached skill level 2 in Summonings
 13449 | Lair:4   | Reached XP level 13. HP: 101/103 MP: 20/20
 13461 | Lair:4   | Reached skill level 3 in Summonings
 13481 | Lair:4   | Reached skill level 4 in Summonings
 13987 | Lair:5   | Reached skill level 5 in Summonings
 14044 | Lair:5   | Learned a level 2 spell: Swiftness
 14139 | Lair:5   | Reached skill level 1 in Air Magic
 14139 | Lair:5   | Found a staircase to the Slime Pits.
 14303 | Lair:5   | Gained mutation: You rapidly evolve. [evolution]
 14370 | Lair:5   | Reached skill level 2 in Air Magic
 14516 | Lair:5   | Reached skill level 3 in Air Magic
 15056 | Lair:5   | Reached skill level 4 in Air Magic
 15299 | Lair:5   | Noticed Josephine
 15310 | Lair:5   | Killed Josephine
 15796 | Lair:6   | Entered Level 6 of the Lair of Beasts
 15832 | Lair:6   | Reached skill level 5 in Air Magic
 15977 | Lair:6   | Received a gift from Okawaru
 15987 | Lair:6   | Got a pair of jewelled boots {god gift}
 15988 | Lair:6   | Identified the -5 pair of boots of Imperfection {rPois rN+
                  | Str-4} (Okawaru gifted it to you on level 6 of the Lair of
                  | Beasts)
 16033 | Lair:6   | Found a dark tunnel.
 16048 | Volcano  | Entered a volcano
 16102 | Volcano  | Reached skill level 6 in Air Magic
 16457 | Volcano  | Found a burning altar of Makhleb.
 16576 | Volcano  | Noticed a stone giant
 16597 | Volcano  | Killed a stone giant
 16970 | Volcano  | Reached skill level 7 in Air Magic
 17783 | Lair:6   | Reached XP level 14. HP: 110/110 MP: 21/21
 17787 | Lair:6   | Reached skill level 8 in Air Magic
 17986 | Lair:6   | Reached skill level 1 in Translocations
 18013 | Lair:6   | Reached skill level 2 in Translocations
 18037 | Lair:6   | Reached skill level 3 in Translocations
 18114 | Lair:6   | Reached skill level 4 in Translocations
 18568 | Lair:5   | Lost mutation: Your flesh is heat resistant. (rF+)
                  | [evolution]
 18572 | Slime:1  | Entered Level 1 of the Pits of Slime
 18572 | Slime:1  | Found a viscous altar of Jiyva.
 18572 | Slime:1  | Noticed an azure jelly
 18692 | Lair:3   | Found a hole to the Spider Nest.
 18708 | Lair:3   | Reached skill level 5 in Translocations
 19089 | Lair:3   | Found a runed translucent gate.
 19089 | Lair:3   | Found a runed translucent gate.
 19109 | Lair:3   | Found a runed translucent gate.
 19149 | Lair:3   | Received a gift from Okawaru
 19260 | Lair:3   | Reached skill level 6 in Translocations
 19271 | Lair:3   | Found a staircase to the Swamp.
 19549 | Lair:3   | Noticed Nebesus's ghost (journeyman GrFi)
 20306 | D:6      | Got a translucent buckler
 20307 | D:6      | Identified the +2 buckler of Lust {-Tele rF++} (You found
                  | it on level 6 of the Dungeon)
 20392 | Orc:1    | Entered Level 1 of the Orcish Mines
 20392 | Orc:1    | Noticed Harold
 20441 | Orc:1    | Killed Harold
 20442 | Orc:1    | Reached skill level 7 in Translocations
 20859 | Orc:2    | Entered Level 2 of the Orcish Mines
 20908 | Orc:2    | Noticed Maurice
 20908 | Orc:2    | Identified a +2 robe of the Archmagi
 20934 | Orc:2    | HP: 4/110 [smoke demon/divine providence[an orc sorcerer]
                  | (14)]
 20937 | Orc:2    | Found a roughly hewn altar of Beogh.
 21013 | Orc:1    | Noticed Sonja
 21020 | Orc:1    | You are cast into the Abyss!
 21020 | Orc:1    | Cast into level 1 of the Abyss (Sonja)
 21230 | Abyss:1  | Noticed an ancient lich
 21234 | Abyss:1  | Reached skill level 8 in Translocations
 21236 | Abyss:1  | Noticed a Hell Sentinel
 21247 | Abyss:1  | HP: 8/110 [ancient lich] (6)]
 21248 | Abyss:1  | HP: 1/110 [ancient lich] (7)]
 21248 | Abyss:1  | Slain by a Hell Sentinel

Vanquished Creatures
  A stone giant (Volcano)
  Snorg (Lair:4)
  Josephine (Lair:5)
  Harold (Orc:1)
  5 hydras
  A catoblepas (Lair:6)
  A two-headed ogre (D:8)
  Erica (D:8)
  A deep troll shaman (Lair:6)
  3 death yaks (Lair:6)
  A wretched star (Abyss:1)
  A lindwurm (Lair:6)
  A large abomination (Abyss:1)
  An orc sorcerer (Orc:2)
  2 molten gargoyles (Volcano)
  11 elephants
  4 black mambas
  10 cane toads
  6 komodo dragons
  A gargoyle (Volcano)
  Maggie (D:6)
  2 rime drakes
  2 efreet
  5 polar bears
  A hornet (D:7)
  A troll (Orc:1)
  23 blink frogs
  Prince Ribbit (D:6)
  2 redbacks (Lair:3)
  A spriggan (Lair:5)
  3 wraiths (Lair:5)
  79 yaks
  2 fire bats (Volcano)
  4 basilisks
  A neqoxec (Abyss:1)
  A fire elemental (Volcano)
  2 swamp worms (Lair:3)
  3 wargs
  Edmund (D:5)
  12 water moccasins
  3 ice beasts
  3 sky beasts
  4 black bears
  3 phantoms
  20 orc warriors
  2 necrophages
  10 ogres
  17 wolves
  4 centaurs
  9 bullfrogs
  A gnoll sergeant (D:9)
  2 earth elementals (Volcano)
  2 scorpions (D:5)
  15 killer bees
  6 wights
  3 howler monkeys
  6 lava snakes (Volcano)
  2 quasits
  16 jellies
  A small abomination (Abyss:1)
  A centaur zombie (D:7)
  11 orc priests
  3 bullfrog skeletons
  4 iguanas
  Terence (D:3)
  12 orc wizards
  7 hell rats (Lair:6)
  8 worker ants
  21 gnolls
  8 adders
  A howler monkey skeleton (D:9)
  A white imp (D:9)
  2 ufetubi
  An ooze (D:3)
  An adder skeleton (D:4)
  2 worms (D:3)
  A dart slug (D:1)
  4 leopard geckos
  66 orcs
  13 bats
  8 giant cockroaches
  17 goblins
  20 hobgoblins
  5 jackals
  4 kobolds
  2 quokkas (D:3)
  2 ball pythons
  6 frilled lizards
  A jackal skeleton (D:4)
  A leopard gecko zombie (D:7)
  A quokka skeleton (D:5)
  5 rats
570 creatures vanquished.

Vanquished Creatures (others)
  3 orcs (Orc:2)
  A bush (Lair:6)
  26 fungi
  43 plants
73 creatures vanquished.

Grand Total: 643 creatures vanquished

Table legend: (Time is in decaauts)
 A = Elapsed time spent in this place.
 B = Non-inter-level travel time spent in this place.
 C = Inter-level travel time spent in this place.
 D = Time resting spent in this place.
 E = Time spent auto-exploring this place.
 F = Levels seen in this place.
 G = Mean time per level.
                   A        B        C        D        E       F      G
               +--------+--------+--------+--------+--------+-----+--------+
         Total |  20185 |  19328 |    857 |   3318 |  12861 |  22 |  917.5 |
       Dungeon |   9726 |   9155 |    571 |   1680 |   6040 |   9 | 1080.7 |
        Temple |    123 |    102 |     21 |      0 |     98 |   1 |  123.0 |
          Lair |   7780 |   7533 |    247 |    835 |   5603 |   6 | 1296.7 |
    Slime Pits |      1 |      1 |      0 |      0 |      0 |   1 |    1.0 |
  Orcish Mines |    505 |    489 |     16 |      0 |    333 |   2 |  252.5 |
         Abyss |    204 |    204 |      0 |     33 |    103 |   1 |  204.0 |
        Bailey |    807 |    807 |      0 |    417 |    164 |   1 |  807.0 |
       Volcano |   1034 |   1034 |      0 |    352 |    519 |   1 | 1034.0 |
               +--------+--------+--------+--------+--------+-----+--------+

Top non-repeatable levels by time:
  Lair:5: 1820 daAuts
     D:9: 1733 daAuts
  Lair:6: 1514 daAuts
  Lair:4: 1486 daAuts
     D:3: 1412 daAuts
  Lair:1: 1372 daAuts
     D:7: 1354 daAuts
     D:4: 1337 daAuts
     D:5: 1048 daAuts
 Volcano: 1034 daAuts
  Lair:3: 978 daAuts
     D:6: 865 daAuts
  Bailey: 807 daAuts
     D:8: 769 daAuts
     D:1: 673 daAuts

Table legend:
 A = Non-vault XP
 B = Vault XP
 C = Vault XP percentage of total XP
 D = Non-vault monster count
 E = Vault monster count
 F = Vault count percentage of total count
                 A         B        C        D         E       F
            +---------+---------+-------+---------+---------+-------
      Total |   57302 |   21896 |  27.6 |     413 |     157 |  27.5
            +---------+---------+-------+---------+---------+-------
        D:1 |      39 |       2 |   4.9 |      23 |       2 |   8.0
        D:2 |      36 |       0 |   0.0 |      14 |       0 |   0.0
        D:3 |      86 |      36 |  29.5 |      23 |       1 |   4.2
        D:4 |     334 |       0 |   0.0 |      22 |       0 |   0.0
        D:5 |    1001 |     164 |  14.1 |      15 |       1 |   6.2
        D:6 |     639 |     636 |  49.9 |       9 |       2 |  18.2
        D:7 |    1368 |     229 |  14.3 |      24 |       4 |  14.3
        D:8 |    1643 |    1856 |  53.0 |      18 |       5 |  21.7
        D:9 |    3821 |     148 |   3.7 |      55 |       6 |   9.8
     Lair:1 |    7476 |       0 |   0.0 |      32 |       0 |   0.0
     Lair:2 |    5348 |       0 |   0.0 |      21 |       0 |   0.0
     Lair:3 |    6282 |     772 |  10.9 |      30 |       4 |  11.8
     Lair:4 |   10777 |    1101 |   9.3 |      35 |       1 |   2.8
     Lair:5 |    5629 |    3345 |  37.3 |      21 |      25 |  54.3
     Lair:6 |    8031 |    6710 |  45.5 |      33 |      13 |  28.3
      Orc:1 |    1280 |    1571 |  55.1 |      18 |      13 |  41.9
      Orc:2 |    1496 |      44 |   2.9 |      14 |       4 |  22.2
    Abyss:1 |    2016 |       0 |   0.0 |       6 |       0 |   0.0
     Bailey |       0 |    1234 | 100.0 |       0 |      60 | 100.0
    Volcano |       0 |    4048 | 100.0 |       0 |      16 | 100.0
            +---------+---------+-------+---------+---------+-------
